cohdb
Replays
Latest Replays
All Replays
Popular Replays
Top Player Replays
Match Explorer
How It Works
Community
CoH3 Stats
Reddit
Sign in to upload your games and track your stats! →
Sign in with Steam
Match 37832093
Unlisted
Match 37832093
Overview
Messages
Build Orders
End
Construct Barracks
Scout Squad
Riflemen Squad
Engineer Squad
Selects Advanced Infantry Battlegroup
Construct Weapon Support Center
Grenade Package
M1 Mortar Team
Selects Convert to Ranger Squad
Construct Medical Station
Riflemen Squad
Convert to Ranger Squad
Infantry Support Center
Selects Artillery Observers
Selects Frontline Medical Station
Frontline Medical Station
Artillery Observer Squad
Survival Training
M3 Armored Personnel Carrier
cvx
Grundleman
Colby
영원한 샛별 ㄴ
Scorch447
白象火鸡面真好吃
starlight
CPU - VERY EASY
0
0
Comments
sign in to comment!
No comments posted yet!